 Dungeon Crawl Stone Soup version 0.30-a0-364-gf6b3ef1049 (webtiles) character file.

Game seed: 9892981403875583132

19069 mopl the Covert (level 12, -5/85 HPs)
             Began as an Octopode Brigand on Nov 15, 2022.
             Was an Initiate of Gozag.
             Slain by a komodo dragon (32 damage)
             ... on level 2 of the Lair of Beasts.
             The game lasted 00:46:17 (14349 turns).

mopl the Covert (Octopode Brigand)                 Turns: 14349, Time: 00:46:18

Health: -5/85      AC:  5    Str: 10    XL:     12   Next: 65%
Magic:  12/12      EV: 17    Int: 24    God:    Gozag
Gold:   703        SH:  5    Dex: 14    Spells: 9/11 levels left

rFire   . . .      SeeInvis +    b - +4 scimitar
rCold   . . .      Faith    .    p - +0 buckler
rNeg    + . .      Spirit   .    (helmet restricted)
rPois   .          Reflect  .    (no amulet)
rElec   .          Harm     .    d - +4 ring of protection
rCorr   .          Rampage  .    L - +6 ring of intelligence
Will    +....                    R - ring of see invisible
Stlth   ++++++....               e - ring of willpower
HPRegen 0.34/turn                r - ring of positive energy
MPRegen 0.13/turn                (no ring)
                                 (no ring)
                                 (no ring)

@: gold aura
A: almost no armour, amphibious, 8 rings, camouflage 1, gelatinous body 1,
(nimble swimmer 1), tentacles
a: Renounce Religion, Potion Petition, Call Merchant, Bribe Branch


You were on level 2 of the Lair of Beasts.
You worshipped Gozag.
Gozag was pleased with you.
You visited 3 branches of the dungeon, and saw 14 of its levels.
You also visited: Sewer, Ossuary and Ice Cave.

You collected 1874 gold pieces.
You spent 476 gold pieces at shops.
You paid 695 gold pieces to Gozag.

Inventory:

Hand Weapons
 a - a +1 dagger of venom
 b - a +4 scimitar (weapon)
 U - a +0 short sword of holy wrath
Missiles
 c - 6 curare-tipped darts
 N - 25 poisoned darts (quivered)
 O - 2 boomerangs
Armour
 p - a +0 buckler (worn)
Jewellery
 d - a +4 ring of protection (left tentacle)
 e - a ring of willpower (on tentacle)
 r - a ring of positive energy (on tentacle)
 L - a +6 ring of intelligence (right tentacle)
 R - a ring of see invisible (on tentacle)
Wands
 v - a wand of flame (6)
 A - a wand of roots (14)
 F - a wand of polymorph (13)
 G - a wand of mindburst (7)
 P - a wand of digging (6)
Scrolls
 f - 6 scrolls of immolation
 g - 6 scrolls of poison
 j - 5 scrolls of fear
 m - 2 scrolls of noise {unknown}
 n - 5 scrolls of teleportation {unknown}
 q - 4 scrolls of enchant armour {unknown}
 x - a scroll of summoning {unknown}
 y - 5 scrolls of butterflies {unknown}
 z - 3 scrolls of brand weapon {unknown}
 C - a scroll of torment {unknown}
 H - a scroll of blinking {unknown}
 T - 2 scrolls of vulnerability
Potions
 h - 4 potions of brilliance {unknown}
 k - 4 potions of flight {unknown}
 l - 8 potions of curing {unknown}
 o - 2 potions of might
 s - 3 potions of cancellation
 t - 3 potions of haste
 w - 2 potions of invisibility
 B - a potion of ambrosia
 E - 6 potions of heal wounds {unknown}
 K - 2 potions of magic
 M - a potion of lignification {!q}
Miscellaneous
 u - a phial of floods
 D - a phantom mirror


   Skills:
 + Level 9.1 Fighting
 - Level 2.0(3.9) Short Blades
 + Level 5.4(5.6) Long Blades
 + Level 9.1 Throwing
 + Level 9.0 Dodging
 + Level 13.5 Stealth
 - Level 4.0 Shields
 + Level 1.5 Translocations
 + Level 8.6 Evocations


You had 9 spell levels left.
You knew the following spells:

 Your Spells              Type           Power      Damage    Failure   Level
e - Blink                 Tloc           14%        N/A       16%         2

Your spell library contained the following spells:

 Spells                   Type           Power      Damage    Failure   Level
 Kiss of Death            Conj/Necr      0%         2d5       19%         1
 Magic Dart               Conj           0%         1d3       19%         1
 Slow                     Hex            0%         N/A       19%         1
 Momentum Strike          Conj/Tloc      6%         3d8       21%         2
 Searing Ray              Conj           0%         2d4       28%         2
 Static Discharge         Conj/Air       0%         2-2/arc   28%         2
 Lesser Beckoning         Tloc           14%        N/A       30%         3
 Vhi's Electric Charge    Tloc/Air       6%         N/A       38%         3
 Confusing Touch          Hex            0%         N/A       50%         3
 Vampiric Draining        Necr           0%         2d6       50%         3
 Dispel Undead            Necr           0%         3d6       88%         4
 Fulminant Prism          Conj/Hex       0%         3d5       88%         4
 Arcjolt                  Conj/Air       0%         1d10      99%         5
 Fireball                 Conj/Fire      0%         3d3       99%         5
 Iskenderun's Battlesphe  Conj           0%         2d6       99%         5
 Lightning Bolt           Conj/Air       0%         1d11      99%         5
 Conjure Ball Lightning   Conj/Air       0%         3x3d6     100%        6
 Orb of Destruction       Conj           0%         9d5       100%        7


Dungeon Overview and Level Annotations

Branches:
Dungeon (11/15)            Temple (1/1) D:6            Lair (2/5) D:9
  Sewer (visited)         Ossuary (visited)           IceCv (visited)
  Swamp: Lair:2-3    Shoals: Lair:2-3     Snake: Lair:2-3    Spider: Lair:2-3
    Orc: D:9-12

Altars:
Ashenzari
Cheibriados
Dithmenos
Elyvilon
Fedhas
Gozag
Hepliaklqana
Kikubaaqudgha
Makhleb
Nemelex Xobeh
Okawaru
Qazlal
Ru
Sif Muna
Trog
Uskayaw
Vehumet
Wu Jian
Xom
Yredelemnul
Zin
The Shining One

Shops:
D:3 (   D:10 ?

Annotations:
D:2 1 runed translucent door, Crazy Yiuf


Innate Abilities, Weirdness & Mutations

You cannot wear most types of armour.
You are amphibious.
You can wear up to eight rings at the same time.
Your skin changes colour to match your surroundings (Stealth+).
Your rubbery body absorbs attacks. (AC +1, EV +1)
((You are camouflaged when in or above water. (Stealth+)))
You have tentacles for arms and can constrict up to eight enemies at once.


Message History

You throw a poisoned dart.
The poisoned dart hits the komodo dragon!
The komodo dragon looks as sick as possible!
The komodo dragon is lightly wounded.
Your +1 dagger of venom stops dripping with poison.
b - a +4 scimitar (weapon)
You hit the bullfrog. You grab the bullfrog. You squeeze the bullfrog!
The bullfrog is heavily wounded.
You constrict the bullfrog. The bullfrog hits you.
You slash the bullfrog!
You kill the bullfrog!
You barely miss the komodo dragon. Your squeeze misses the komodo dragon.
The komodo dragon is lightly wounded.
The komodo dragon closely misses you.
You hit the komodo dragon.
The komodo dragon is moderately wounded.
The komodo dragon bites you.
You hit the komodo dragon but do no damage.
You squeeze the komodo dragon, but do no damage.
The komodo dragon is moderately wounded.
The komodo dragon completely misses you.
You hit the komodo dragon.
The komodo dragon is heavily wounded.
You block the komodo dragon's attack.
You hit the komodo dragon. You squeeze the komodo dragon.
The komodo dragon is severely wounded.
The komodo dragon bites you!!
You closely miss the komodo dragon.
You squeeze the komodo dragon, but do no damage.
The komodo dragon is severely wounded.
The komodo dragon bites you! x2
You closely miss the komodo dragon.
The komodo dragon is severely wounded.
The komodo dragon hisses menacingly.
You block the komodo dragon's attack.
You hit the komodo dragon but do no damage.
The komodo dragon is severely wounded.
The komodo dragon bites you!!
You die...
Your body crumbles into a pile of gold.

≈~~.## ≈≈~...###
≈~~....... ≈~~.......
#......... . ##
######.........
..P##.##..#...........
..............(.....(.
......>@l...........(. #
.##.#..#P#####(.......
#. ############........
#..###.#P.P#P##.#.......
.......................
.......................
#..###...#.#...#.##.##.l
#..#..#.#.#...#.##/..# .
#.....<................


You could see a komodo dragon (very poisoned).

Vanquished Creatures
  2 two-headed ogres
  A bog body (IceCv)
  A necromancer (IceCv)
  3 cyclopes
  Maurice (D:8)
  Joseph (D:8)
  A gargoyle (D:11)
  A komodo dragon (D:9)
  2 kobold demonologists (D:10)
  3 anaconda simulacra (IceCv)
  A freezing wraith (IceCv)
  A troll (D:11)
  3 ice devils (IceCv)
  A polar bear (D:11)
  4 blink frogs (Lair:1)
  A hornet (D:10)
  2 shadows (D:10)
  17 yaks
  Sigmund (D:2)
  3 wraiths
  2 wyverns (Lair:1)
  2 dire elephant simulacra (IceCv)
  Grum (Lair:1)
  2 steam dragons
  An acid dragon (D:9)
  3 harpy simulacra (IceCv)
  Duvessa (D:6)
  6 water moccasins
  2 hydra simulacra (IceCv)
  Pargi (Sewer)
  A sky beast (D:7)
  4 orc warriors
  3 black bears
  5 wolves
  5 centaurs
  An ogre (D:6)
  3 kobold brigands
  9 bullfrogs
  A necrophage (D:6)
  A gnoll sergeant (D:10)
  4 scorpions
  11 wights
  Dowan (D:6)
  9 killer bees (D:9)
  An elephant simulacrum (IceCv)
  A howler monkey (D:4)
  3 hounds
  6 orc priests
  Ijyb (D:4)
  4 orc wizards
  5 iguanas
  A spriggan simulacrum (IceCv)
  A polar bear simulacrum (IceCv)
  A wolf simulacrum (IceCv)
  A mummy (D:7)
  8 gnolls
  8 adders
  A naga simulacrum (IceCv)
  A river rat (D:5)
  2 shadow imps
  A white imp (D:6)
  3 ufetubi (D:4)
  An adder zombie (Ossuary)
  2 worms
  3 dart slugs
  32 orcs
  3 endoplasms
  2 giant cockroaches
  6 goblins
  5 hobgoblins
  11 jackals
  A quokka (D:1)
  9 ball pythons
  A ball python skeleton (Ossuary)
  3 bats (D:1)
  4 frilled lizards
  2 hobgoblin skeletons (Ossuary)
  2 hobgoblin zombies (Ossuary)
  18 kobolds
  An orc zombie (Ossuary)
  14 rats
298 creatures vanquished.

Vanquished Creatures (collateral kills)
  An ice devil (IceCv)
  A polar bear (D:11)
2 creatures vanquished.

Vanquished Creatures (others)
  A rime drake (D:11)
  A yak (D:11)
  An ice beast (D:6)
  A troll simulacrum (IceCv)
  3 fungi
  23 plants (Lair:1)
30 creatures vanquished.

Grand Total: 330 creatures vanquished

Notes
Turn   | Place    | Note
-------+----------+-------------------------------------------
     0 | D:1      | mopl the Octopode Brigand began the quest for the Orb.
     0 | D:1      | Reached XP level 1. HP: 14/14 MP: 1/1
    76 | D:1      | Reached XP level 2. HP: 19/19 MP: 2/2
   459 | D:1      | Reached XP level 3. HP: 22/25 MP: 3/3
   703 | D:1      | Found a faded altar of an unknown god.
   792 | D:2      | Noticed Sigmund
   820 | D:2      | Killed Sigmund
   821 | D:2      | Reached skill level 3 in Fighting
   821 | D:2      | Reached skill level 3 in Throwing
   821 | D:2      | Reached skill level 2 in Dodging
   821 | D:2      | Reached skill level 6 in Stealth
   821 | D:2      | Reached XP level 4. HP: 27/31 MP: 4/4
   821 | D:2      | Reached XP level 5. HP: 32/36 MP: 5/5
  1125 | D:2      | You fall into a shaft and drop 1 floor!
  1133 | D:3      | Found Bapnex's Antique Weapon Shop.
  1270 | D:2      | Found a runed translucent door.
  1271 | D:2      | Noticed Crazy Yiuf
  1457 | D:3      | Reached XP level 6. HP: 39/42 MP: 6/6
  1501 | D:3      | Reached skill level 3 in Dodging
  1583 | D:3      | Reached skill level 7 in Stealth
  2140 | D:4      | Noticed a steam dragon
  2398 | D:4      | Reached XP level 7. HP: 47/47 MP: 7/7
  2450 | D:4      | Reached skill level 4 in Throwing
  2450 | D:4      | Reached skill level 1 in Shields
  2481 | D:4      | Killed a steam dragon
  2482 | D:4      | Reached skill level 4 in Fighting
  2660 | D:4      | Noticed Ijyb
  2672 | D:4      | Killed Ijyb
  2756 | D:5      | Entered Level 5 of the Dungeon
  2769 | D:5      | Reached skill level 4 in Dodging
  2825 | D:5      | Reached skill level 2 in Shields
  2835 | D:5      | Found a glowing drain.
  2842 | Sewer    | Entered a sewer
  2866 | Sewer    | Reached skill level 1 in Evocations
  2867 | Sewer    | Noticed Pargi
  2930 | Sewer    | Killed Pargi
  2931 | Sewer    | Reached skill level 8 in Stealth
  2931 | Sewer    | Reached XP level 8. HP: 46/54 MP: 8/8
  3347 | D:5      | Reached skill level 2 in Evocations
  3499 | D:5      | Reached skill level 5 in Fighting
  3559 | D:5      | Reached skill level 5 in Throwing
  3559 | D:5      | Reached skill level 3 in Shields
  4019 | D:6      | Reached skill level 3 in Evocations
  4147 | D:6      | Reached skill level 5 in Dodging
  4147 | D:6      | Reached XP level 9. HP: 24/61 MP: 9/9
  4306 | D:6      | Noticed Dowan
  4344 | D:6      | Killed Dowan
  4345 | D:6      | Reached skill level 9 in Stealth
  4399 | D:6      | Found a staircase to the Ecumenical Temple.
  4412 | D:6      | Noticed Duvessa
  4428 | D:6      | Killed Duvessa
  4430 | Temple   | Entered the Ecumenical Temple
  4430 | Temple   | Found a transporter.
  4430 | Temple   | Found a transporter.
  4432 | Temple   | Found a transporter.
  4432 | Temple   | Found a transporter.
  4971 | D:7      | Reached skill level 4 in Shields
  4982 | D:7      | Found a sand-covered staircase.
  4989 | Ossuary  | Entered an ossuary
  5034 | Ossuary  | Reached skill level 4 in Evocations
  5344 | Ossuary  | Reached skill level 6 in Fighting
  5610 | D:7      | Reached skill level 6 in Throwing
  5819 | D:7      | Reached skill level 10 in Stealth
  5925 | D:7      | Reached skill level 6 in Dodging
  6266 | D:7      | Found a shadowy altar of Dithmenos.
  6811 | D:8      | Found an opulent altar of Gozag.
  6843 | D:8      | Became a worshipper of Gozag Ym Sagoz the Greedy
  6888 | D:8      | Reached skill level 5 in Evocations
  6888 | D:8      | Reached XP level 10. HP: 64/69 MP: 10/10
  6913 | D:8      | Found a broken altar of Ashenzari.
  7151 | D:8      | Noticed Joseph
  7160 | D:8      | Killed Joseph
  7565 | D:8      | Noticed Maurice
  7574 | D:8      | Killed Maurice
  7898 | D:9      | Reached skill level 7 in Fighting
  7898 | D:9      | Reached skill level 11 in Stealth
  7932 | D:9      | Reached skill level 7 in Throwing
  7936 | D:9      | Reached skill level 6 in Evocations
  8087 | D:9      | Noticed a cyclops
  8097 | D:9      | Killed a cyclops
  8360 | D:9      | Found a staircase to the Lair.
  8372 | D:9      | Reached skill level 7 in Dodging
  8600 | D:9      | Reached skill level 1 in Long Blades
  8680 | D:9      | Reached XP level 11. HP: 32/75 MP: 11/11
  8915 | D:9      | Reached skill level 2 in Long Blades
  9092 | D:10     | Entered Level 10 of the Dungeon
  9131 | D:10     | Noticed a two-headed ogre
  9154 | D:10     | Killed a two-headed ogre
  9747 | D:10     | Reached skill level 7 in Evocations
  9748 | D:10     | Reached skill level 12 in Stealth
 10010 | D:9      | Reached skill level 3 in Long Blades
 10248 | D:10     | Reached skill level 8 in Fighting
 10248 | D:10     | Reached skill level 8 in Throwing
 10808 | D:10     | Bought a scroll of fear for 68 gold pieces
 10808 | D:10     | Bought a scroll of immolation for 68 gold pieces
 10808 | D:10     | Bought a scroll of vulnerability for 68 gold pieces
 10808 | D:10     | Bought a scroll of amnesia for 68 gold pieces
 10808 | D:10     | Bought a scroll of poison for 68 gold pieces
 10808 | D:10     | Bought a scroll of fear for 68 gold pieces
 10808 | D:10     | Bought a scroll of vulnerability for 68 gold pieces
 10855 | D:11     | Noticed a two-headed ogre
 10878 | D:11     | Killed a two-headed ogre
 11034 | D:11     | Noticed a cyclops
 11037 | D:11     | Reached skill level 8 in Dodging
 11117 | D:11     | Found a frozen archway.
 11231 | IceCv    | Entered an ice cave
 11344 | IceCv    | Reached skill level 4 in Long Blades
 11853 | IceCv    | Reached XP level 12. HP: 50/84 MP: 12/12
 11960 | IceCv    | Reached skill level 8 in Evocations
 11969 | IceCv    | Reached skill level 13 in Stealth
 12507 | D:11     | HP: 4/84 [cyclops/large rock (37)]
 12541 | D:11     | Reached skill level 5 in Long Blades
 12854 | D:11     | Learned a level 2 spell: Blink
 13142 | Lair:1   | Entered Level 1 of the Lair of Beasts
 13145 | Lair:1   | Reached skill level 9 in Throwing
 13208 | Lair:1   | Reached skill level 9 in Fighting
 13636 | Lair:1   | Noticed Grum
 13655 | Lair:1   | Reached skill level 1 in Translocations
 13661 | Lair:1   | Killed Grum
 13823 | Lair:1   | Reached skill level 9 in Dodging
 14274 | Lair:2   | Noticed a death yak
 14274 | Lair:2   | Noticed a death yak
 14349 | Lair:2   | Slain by a komodo dragon

Illustrated notes

Levels and vault maps discovered:
D:1:      matt_arrival_grand_opening, layout_basic,
          shapermc_ecumenical_altar_mp_vishouse
D:2:      layout_rooms, minmay_misc_feat_x, corexii_leaking_fountain,
          uniq_sigmund, uniq_crazy_yiuf_cottage
D:3:      layout_rooms, serial_shops, shop, serial_bayou_pond_e,
          bh_walls_and_bars
D:4:      layout_loops_ring, uniq_ijyb
D:5:      layout_cave_pools, portal_sewer_entry_e, minmay_misc_feat_diagonals
D:6:      layout_basic, minmay_temple_entry_sparse_star, uniq_duvessa
D:7:      layout_layer_cave, grunt_dithmenos_smoke_and_mirrors,
          gup_ossuary_entry_pyramid
D:8:      layout_loops_cross, mainiacjoe_overflow_concentric_impassable,
          evilmike_ruin_ashenzari, uniq_maurice, uniq_joseph
D:9:      layout_irregular_city, lair_entry_dummy
D:10:     layout_grid_maze, corexii_hall_statues_i
D:11:     layout_small_grid, portal_ice_cave_entry_animals_and_master
Temple:   hellmonk_temple_divided_pantheon
Lair:1:   layout_gridlike, hangedman_lair_unloving_vines,
          cheibrodos_lair_caveside_slide, grunt_megastairs_2, lemuel_fruit_tree,
          uniq_grum
Lair:2:   dreamdust_cave_troll, layout_long_grid,
          hellmonk_spider_entry_not_the_bees, serial_rivers,
          chequers_serial_rivers_room_b, chequers_serial_rivers_large_a,
          chequers_serial_rivers_micro_a, chequers_serial_rivers_micro_a,
          chequers_serial_rivers_micro_b, chequers_serial_rivers_marsh

Skill      XL: |  1  2  3  4  5  6  7  8  9 10 11 12 |
---------------+-------------------------------------+-----
Fighting       | 3 4 5 6 7 8 9 |  9.1
Throwing       | 3 4 5 6 7 8 9 |  9.1
Dodging        | 2 3 4 5 6 7 8 9 |  9.0
Stealth        | 6 7 8 10 11 12 13 | 13.5
Shields        | 2 3 4 |  4.0
Evocations     | 1 3 5 6 7 8 |  8.6
Long Blades    | 1 4 5 |  5.4
Translocations | 1 |  1.5
Short Blades   | |  2.0

Action                   |  1- 3 |  4- 6 |  7- 9 | 10-12 || total
-------------------------+-------+-------+-------+-------++-------
Melee: Dagger            |    35 |   106 |   205 |   352 ||   698
       Tentacles         |     5 |    36 |    58 |   127 ||   226
       Constrict         |     5 |    25 |    43 |    54 ||   127
       Punch             |     1 |     3 |     2 |     7 ||    13
       Scimitar          |       |       |       |    26 ||    26
Throw: Dart              |     4 |    19 |    48 |    99 ||   170
       Boomerang         |       |       |       |     1 ||     1
       Throwing net      |       |       |       |     2 ||     2
Invok: Call Merchant     |       |       |       |     1 ||     1
Evoke: Wand              |       |       |    25 |    70 ||    95
  Use: Scroll            |       |       |     7 |     3 ||    10
 Stab: Sleeping          |    14 |    12 |    24 |    22 ||    72
       Distracted        |       |       |     1 |     1 ||     2
       Held in net/web   |       |       |       |     1 ||     1
Armor: Skin              |     5 |    40 |    37 |    43 ||   125
Dodge: Dodged            |    12 |    61 |   127 |   259 ||   459
Block: Buckler           |       |     9 |    58 |    96 ||   163

Table legend: (Time is in decaauts)
 A = Elapsed time spent in this place.
 B = Non-inter-level travel time spent in this place.
 C = Inter-level travel time spent in this place.
 D = Time resting spent in this place.
 E = Time spent auto-exploring this place.
 F = Levels seen in this place.
 G = Mean time per level.
                   A        B        C        D        E       F      G
               +--------+--------+--------+--------+--------+-----+--------+
         Total |  14273 |  13514 |    759 |   2926 |   7288 |  17 |  839.6 |
       Dungeon |  11233 |  10535 |    698 |   1774 |   6283 |  11 | 1021.2 |
        Temple |     51 |     51 |      0 |      0 |      0 |   1 |   51.0 |
          Lair |   1189 |   1128 |     61 |    230 |    664 |   2 |  594.5 |
         Sewer |    198 |    198 |      0 |      0 |    102 |   1 |  198.0 |
       Ossuary |    409 |    409 |      0 |    173 |    117 |   1 |  409.0 |
      Ice Cave |   1189 |   1189 |      0 |    749 |    122 |   1 | 1189.0 |
               +--------+--------+--------+--------+--------+-----+--------+

Top non-repeatable levels by time:
     D:7: 1603 daAuts
    D:10: 1531 daAuts
     D:9: 1406 daAuts
   IceCv: 1189 daAuts
  Lair:1: 1108 daAuts
     D:6: 1056 daAuts
     D:8: 987 daAuts
    D:11: 970 daAuts
     D:4: 797 daAuts
     D:5: 789 daAuts
     D:1: 788 daAuts
     D:3: 664 daAuts
     D:2: 638 daAuts
 Ossuary: 409 daAuts
   Sewer: 198 daAuts
